 Dungeon Crawl Stone Soup version 0.25.1-8-g42b30a86e7 (webtiles) character file.

Game seed: 13416902308568225232

58 Gabide the Ruffian (level 4, -1/39 HPs)
             Began as a Ghoul Monk on Dec 4, 2020.
             Slain by a gnoll
             ... wielding a +0 club
              (4 damage)
             ... on level 1 of the Dungeon.
             The game lasted 00:03:44 (1900 turns).

Gabide the Ruffian (Ghoul Monk)                     Turns: 1900, Time: 00:03:45

Health: -1/39      AC:  6    Str: 15    XL:     4   Next: 1%
Magic:  3/3        EV: 10    Int:  5    God:
Gold:   72         SH:  0    Dex: 11    Spells: 3/3 levels left

rFire    . . .     SeeInvis .     - Unarmed
rCold    + . .     Gourm    .   (no shield)
rNeg     + + +     Faith    .   g - +0 scale mail
rPois    ∞         Spirit   .   (no helmet)
rElec    .         Reflect  .   (no cloak)
rCorr    .         Harm     .   (no gloves)
MR       .....                  (no boots)
Stlth    ..........             (no amulet)
HPRegen  0.00/turn              (no ring)
MPRegen  0.08/turn              (no ring)

@: rotting, hasted, very quick
A: rotting body, claws 1, carnivore, cold resistance 1, negative energy
resistance 3, inhibited regeneration, torment resistance, unbreathing
a: no special abilities


You were on level 1 of the Dungeon.
You were not hungry.

You visited 1 branch of the dungeon, and saw 2 of its levels.

You collected 72 gold pieces.

Inventory:

Armour
 a - a +0 robe
 g - a +0 scale mail (worn)
Potions
 f - a potion of magic {unknown}
 h - a potion of heal wounds {unknown}
Comestibles
 b - a ration


   Skills:
 + Level 3.6 Fighting
 * Level 0.5 Armour
 + Level 3.1 Dodging
 - Level 2.1 Stealth
 * Level 4.4 Unarmed Combat


You had 3 spell levels left.
You didn't know any spells.
Your spell library was empty.

Dungeon Overview and Level Annotations

Branches:
Dungeon (2/15)

Altars:


Innate Abilities, Weirdness & Mutations

Your body is rotting away.
You thrive on raw meat.
You are immune to poison.
You have sharp fingernails.
You are carnivorous and can eat meat at any time.
Your flesh is cold resistant. (rC+)
You are immune to negative energy. (rN+++)
You do not regenerate when monsters are visible.
You are immune to unholy pain and torment.
You can survive without breathing.


Message History

The gnoll hits you but does no damage. The gnoll closely misses you.
You barely miss the gnoll.
The gnoll is severely wounded.
The gnoll barely misses you. The gnoll closely misses you.
Your scale mail prevents you from hitting the gnoll.
The gnoll is severely wounded.
The gnoll hits you with a +0 club. x2
* * * LOW HITPOINT WARNING * * *
You scratch the gnoll.
You kill the gnoll!
You have reached level 4!
The gnoll hits you with a +0 club!
* * * LOW HITPOINT WARNING * * *
It was a potion of cancellation.
You feel magically purged. The gnoll closely misses you.
It was a potion of haste.
You feel yourself speed up.
You claw the gnoll!
The gnoll is heavily wounded.
The gnoll hits you with a +0 club.
You die...

##.........#.#........#.#......#
...#.#######.########.#.#.#....#
#....# #.# ###.#.#....#
#.#..#######.###### #...######
.............#.##.# ########
.#..#..........##.# #......##
####..#...>.....#.## #.###...#
......#........g...# #.# ##..#
#######.##......@).###.####..# #
.....##.##...............##..## #
####.##..##.##............#...###
......#####.#####...........#..##
.####.# #.# #.....).....##... .#
#.# #.# #...........###.# .#
#.#####.#####.........#.###.. .#
#.....#.#................###. ##
#######.#####..#...#.#.......


You could see a gnoll.

Vanquished Creatures
  A gnoll (D:1)
  An ooze (D:1)
  A dart slug (D:1)
  2 leopard geckos
  6 bats (D:1)
  2 giant cockroaches (D:1)
  A goblin (D:1)
  4 hobgoblins (D:1)
  4 jackals (D:1)
  A quokka (D:2)
  11 frilled lizards (D:1)
  7 kobolds (D:1)
  A rat (D:1)
42 creatures vanquished.

Notes
Turn   | Place    | Note
-------+----------+-------------------------------------------
     0 | D:1      | Gabide the Ghoul Monk began the quest for the Orb.
     0 | D:1      | Reached XP level 1. HP: 19/19 MP: 0/0
   233 | D:1      | Reached XP level 2. HP: 25/25 MP: 1/1
   776 | D:1      | Reached XP level 3. HP: 31/31 MP: 2/2
   841 | D:1      | Reached skill level 4 in Unarmed Combat
  1897 | D:1      | Reached XP level 4. HP: 10/39 MP: 3/3
  1900 | D:1      | Slain by a gnoll

Illustrated notes

Levels and vault maps discovered:
D:1:      nzn_arrival_depleted_hourglass, layout_rooms, serial_co_window_serial,
          co_window_of_opportunity_a, co_window_paths_b, co_window_corner_a,
          co_window_corner_a, co_window_cross_1, co_window_corner_a,
          co_window_paths_b, co_window_of_opportunity_a,
          co_window_of_opportunity_a, co_window_broadway_b,
          co_window_of_opportunity_c, co_window_corner_b,
          co_window_unsneaky_path_a, co_window_corner_b, minmay_lizard_king
D:2:      layout_basic, first_ration, minmay_misc_feat_roman

Skill      XL: |  1  2  3 |
---------------+----------+-----
Dodging        | 3 |  3.1
Unarmed Combat | 4 |  4.4
Fighting       | |  3.6
Armour         | |  0.5
Stealth        | |  2.1

Action                   |  1- 3 |  4- 6 || total
-------------------------+-------+-------++-------
Melee: Unarmed           |   119 |     1 ||   120
       Punch             |     1 |       ||     1
  Use: Scroll            |     1 |       ||     1
       Potion            |       |     2 ||     2
 Stab: Sleeping          |     3 |       ||     3
  Eat: Chunk             |     4 |       ||     4
Armor: Robe              |    20 |       ||    20
       Scale mail        |     9 |       ||     9
Dodge: Dodged            |    80 |     1 ||    81
